 Dungeon Crawl Stone Soup version 0.27.1-35-g4d5d836560 (console) character file.

Game seed: 16178940072013163193

9 Faeu the Firebug (level 2, -3/20 HPs)
             Began as a Draconian Fire Elementalist on May 16, 2022.
             Frozen to death by an endoplasm (4 damage)
             ... on level 2 of the Dungeon.
             The game lasted 00:02:51 (551 turns).

Faeu the Firebug (Draconian Fire Elementalist)       Turns: 551, Time: 00:02:51

Health: -3/20      AC:  4    Str: 10    XL:     2   Next: 3%
Magic:  2/5        EV: 12    Int: 15    God:
Gold:   7          SH:  0    Dex: 11    Spells: 4/5 levels left

rFire    . . .     SeeInvis .   (no weapon)
rCold    . . .     Faith    .   (no shield)
rNeg     . . .     Spirit   .   (armour unavailable)
rPois    .         Reflect  .   (helmet restricted)
rElec    .         Harm     .   (no cloak)
rCorr    .         Rampage  .   (no gloves)
Will     .....                  (no boots)
Stlth    ++........             (no amulet)
HPRegen  0.06/turn              (no ring)
MPRegen  0.09/turn              (no ring)

@: no status effects
A: AC +4, unfitting armour, cold-blooded
a: no special abilities


You were on level 2 of the Dungeon.
You visited 1 branch of the dungeon, and saw 2 of its levels.

You collected 7 gold pieces.


Innate Abilities, Weirdness & Mutations

Your plain brown scales are hard. (AC +4)
You cannot fit into any form of body armour.
You are cold-blooded and may be slowed by cold attacks.


   Skills:
 + Level 2.0 Dodging
 + Level 2.0 Stealth
 - Level 2.0 Spellcasting
 + Level 1.3 Conjurations
 + Level 3.1 Fire Magic


You had 4 spell levels left.
You knew the following spells:

 Your Spells              Type           Power      Damage    Failure   Level
a - Foxfire               Conj/Fire      32%        2x1d5     9%          1

Your spell library contained the following spells:

 Spells                   Type           Power      Damage    Failure   Level
 Conjure Flame            Conj/Fire      8%         6-21      26%         3
 Inner Flame              Hex/Fire       6%         N/A       34%         3
 Sticky Flame             Conj/Fire      8%         2d3       65%         4
 Fireball                 Conj/Fire      4%         3d4       94%         5

Inventory:

Hand Weapons
 e - a +0 short sword {short}
   (You found it on level 1 of the Dungeon)
Missiles
 b - 2 boomerangs of dispersal {=f!fthrowing}
 d - 24 stones {throwing}
Scrolls
 a - 2 scrolls of identify {unknown}
 c - a scroll of magic mapping {unknown}

Dungeon Overview and Level Annotations

Branches:
Dungeon (2/15)

Altars:

############
#..........#
#..........#
#..........#
#..........#
#..........#
#...@......#
#...J......#
#...........
#...........
#...........
#............
.......#......
...........#.#.
..............


You could see an endoplasm.


Message History

You conjure some foxfire! 😎 MP[-1]
You lost 1 mp, and now have 2/3 mp.
You see here a pink potion.
You conjure some foxfire! 😎 MP[-1]
You lost 1 mp, and now have 1/3 mp.
You miscast Foxfire.
You are very lightly contaminated with residual magic.
Nothing appears to happen. 😎 MP[-1]
You lost 1 mp, and now have 0/3 mp.
You are too depleted to draw on your mana recklessly! 😎 MP[+1]
A bat comes into view.
Your magical contamination has completely faded away.
There is a stone staircase leading down here.
You climb downwards.
There is a stone staircase leading up here.
You conjure some foxfire!
The endoplasm quivers.
The bat closely misses you. 😎 MP[-1]
You lost 1 mp, and now have 0/3 mp.
The foxfire hits the bat. x2
You kill the bat!
You have reached level 2! 😎 HP[+6]
You now have 20 max hp (+6).
The quokka bites you but does no damage.
There is a stone staircase leading up here.
Really attack while wielding nothing? [Y]es or [N]o only, please.
Really attack while wielding nothing? [Y]es or [N]o only, please.
Really attack while wielding nothing?
You barely miss the quokka.
The quokka bites you but does no damage.
You closely miss the quokka. The quokka barely misses you.
The quokka misses you.
You closely miss the quokka. The quokka bites you. 😕 HP[-4] MP[+1]
You take 4 damage, and now have 16/20 hp.
You miss the quokka.
The endoplasm hits you but does no damage.
The quokka bites you but does no damage.
You miss the quokka. The endoplasm misses you.
The quokka twitches its whiskers.
The quokka bites you but does no damage. 😕 HP[+1]
You barely miss the quokka. The endoplasm freezes you.
You are frozen.
You feel yourself slow down. The quokka barely misses you. 😮 HP[-2]
You take 2 damage, and now have 15/20 hp.
You hit the quokka. The quokka misses you. The endoplasm freezes you.
You are frozen.
You feel as though you will be slow longer.
The quokka closely misses you. The endoplasm hits you. 😮 HP[-2]
You take 2 damage, and now have 13/20 hp.
You completely miss the quokka.
Your tail-slap misses the quokka.
You feel yourself speed up. The quokka misses you.
The endoplasm hits you but does no damage.
The quokka misses you.
You hit the endoplasm. The endoplasm freezes you.
You are frozen.
* * * LOW HITPOINT WARNING * * *
The quokka closely misses you. 😨 HP[-5]
You take 5 damage, and now have 8/20 hp.
MASSIVE DAMAGE!! (PAUSE)
You hit the quokka but do no damage. The endoplasm closely misses you.
The quokka misses you.
You miss the quokka. The quokka barely misses you. The endoplasm misses you.
The quokka completely misses you.
You hit the quokka.
You tail-slap the quokka, but do no damage.
The endoplasm freezes you.
You are frozen.
* * * LOW HITPOINT WARNING * * *
The quokka bites you.
* * * LOW HITPOINT WARNING * * *
😱 HP[-7]
You take 7 damage, and now have 1/20 hp.
MASSIVE DAMAGE!! (PAUSE)
You hit the quokka but do no damage.
The endoplasm hits you but does no damage.
The quokka bites you but does no damage. 😱 MP[+1]
You hit the quokka but do no damage. You tail-slap the quokka.
You kill the quokka!
The endoplasm freezes you.
You are frozen.
You die...

Skill      XL: |  1 |
---------------+----+-----
Dodging        | 2 |  2.0
Stealth        | 2 |  2.0
Spellcasting   | |  2.0
Conjurations   | |  1.3
Fire Magic     | |  3.1

Action                   || total
-------------------------++-------
Melee: Unarmed           ||    28
       Tailslap          ||     4
 Cast: Foxfire           ||    13
Armor: Skin              ||    12
Dodge: Dodged            ||    22

Levels and vault maps discovered:
D:1:      onia_arrival_pentagram, layout_basic,
          hellmonk_ecumenical_altar_lost_god
D:2:      layout_rooms

Notes
Turn   | Place    | Note
-------+----------+-------------------------------------------
     0 | D:1      | Faeu the Draconian Fire Elementalist began the quest for
                  | the Orb.
     0 | D:1      | Reached XP level 1. HP: 14/14 MP: 3/3
     0 | D:1      | magus.rc [v1.9.6]
   420 | D:1      | Reached skill level 2 in Dodging
   420 | D:1      | Reached skill level 2 in Stealth
   537 | D:2      | Reached XP level 2. HP: 20/20 MP: 0/5
   549 | D:2      | HP: 3/20 [frozen (5)]
   549 | D:2      | HP: 1/20 [quokka (2)]
   551 | D:2      | Frozen to death by an endoplasm

Vanquished Creatures
  A dart slug (D:1)
  A bat (D:2)
  An endoplasm (D:1)
  2 hobgoblins (D:1)
  A quokka (D:2)
  A frilled lizard (D:1)
7 creatures vanquished.

Vanquished Creatures (others)
  18 foxfires
18 creatures vanquished.

Grand Total: 25 creatures vanquished

Table legend:
 A = Non-vault XP
 B = Vault XP
 C = Vault XP percentage of total XP
 D = Non-vault monster count
 E = Vault monster count
 F = Vault count percentage of total count
                 A         B        C        D         E       F
            +---------+---------+-------+---------+---------+-------
      Total |      15 |       0 |   0.0 |       7 |       0 |   0.0
            +---------+---------+-------+---------+---------+-------
        D:1 |      11 |       0 |   0.0 |       5 |       0 |   0.0
        D:2 |       4 |       0 |   0.0 |       2 |       0 |   0.0
            +---------+---------+-------+---------+---------+-------

Illustrated notes

Table legend:
 A = Kills in this place as a percentage of kills in entire the game.
 B = Kills by you in this place as a percentage of kills by you in the entire game.
 C = Kills by friends in this place as a percentage of kills by friends in the entire game.
 D = Other kills in this place as a percentage of other kills in the entire game.
 E = Experience gained in this place as a percentage of experience gained in the entire game.
 F = Experience gained in this place divided by the number of levels of this place that you have seen.
                   A       B       C       D       E      F
               +-------+-------+-------+-------+-------+----------------------
         Total | 100.0 | 100.0 |   N/A |   N/A | 100.0 |   7.5
       Dungeon | 100.0 | 100.0 |   N/A |   N/A | 100.0 |   7.5
               +-------+-------+-------+-------+-------+----------------------

Table legend: (Time is in decaauts)
 A = Elapsed time spent in this place.
 B = Non-inter-level travel time spent in this place.
 C = Inter-level travel time spent in this place.
 D = Time resting spent in this place.
 E = Time spent auto-exploring this place.
 F = Levels seen in this place.
 G = Mean time per level.
                   A        B        C        D        E       F      G
               +--------+--------+--------+--------+--------+-----+--------+
         Total |    551 |    551 |      0 |    235 |     95 |   2 |  275.5 |
       Dungeon |    551 |    551 |      0 |    235 |     95 |   2 |  275.5 |
               +--------+--------+--------+--------+--------+-----+--------+

Top non-repeatable levels by time:
     D:1: 534 daAuts
     D:2: 17 daAuts
